 Dungeon Crawl Stone Soup version 0.31.0-11-ge490571c62 (webtiles) character file.

Game seed: 2635400409515677311

351243 bnnuy the Intangible (level 22, -2/212 HPs)
             Began as a Merfolk Gladiator on Jan 29, 2024.
             Was an Initiate of Yredelemnul.
             Slain by a flayed ghost (14 damage)
             ... while paralysed by a vampire knight
             ... on level 1 of the Crypt on Feb 2, 2024.
             The game lasted 04:17:39 (60754 turns).

bnnuy the Intangible (Merfolk Gladiator)           Turns: 60754, Time: 04:17:39

Health: -2/212     AC: 22    Str: 28    XL:     22   Next: 23%
Magic:  28/28      EV:  2    Int: 13    God:    Yredelemnul [......]
Gold:   1731       SH:  0    Dex: 17    Spells: 20/21 levels left

rFire   . . .        G - +9 trident (flame)
rCold   + . .        z - +2 buckler
rNeg    + . .        Y - +0 pearl dragon scales
rPois   +            c - +0 hat "Nodirhia" {rC+ Int+6}
rElec   .            W - +0 cloak
rCorr   .            T - +2 pair of gloves
SInv    .            D - +2 pair of boots
Will    +....        H - amulet of the acrobat
Stlth   ++           i - ring of poison resistance
HPRegen 0.55/turn    k - +6 ring of strength
MPRegen 0.21/turn

%: acrobat
@: paralysed, mighty, flayed, studying 4 skills
A: (nimble swimmer 2), mertail, dopey 1, sense surroundings 1, wild magic 1
}: 2/15 runes: decaying, serpentine
a: Renounce Religion, Recall Undead Harvest


You were on level 1 of the Crypt.
You worshipped Yredelemnul.
Yredelemnul was aware of your devotion.
You visited 10 branches of the dungeon, and saw 39 of its levels.
You visited the Abyss 1 time.
You also visited: Ossuary, Bailey, Gauntlet and Volcano.

You collected 5472 gold pieces.
You spent 3741 gold pieces at shops.

Inventory:

Hand Weapons
 G - a +9 trident of flaming (weapon)
Missiles
 d - 10 throwing nets (quivered)
 e - 11 javelins
 Z - 5 silver javelins
Armour
 b - a +0 plate armour of fire resistance
 c - the +0 hat "Nodirhia" (worn) {rC+ Int+6}
   (You found it in a Gauntlet)

   Int+6:     It affects your intelligence (+6).
   rC+:       It protects you from cold.
 z - a +2 buckler (worn)
 D - a +2 pair of boots (worn)
 O - a +1 plate armour of positive energy
 T - a +2 pair of gloves (worn)
 W - a +0 cloak (worn)
 Y - +0 pearl dragon scales (worn)
Jewellery
 a - the macabre finger necklace {Finger+ rN+}
   (You found it on level 1 of the Elven Halls)

   [amulet of nothing]

   Finger+:   It enables you to equip an extra ring.
   rN+:       It protects you from negative energy.
 f - the ring "Rieriyta" {EV+5 Str+5 Dex-5}
   (You took it off a deep elf death mage on level 3 of the Elven Halls)

   [ring of evasion]

   EV+5:      It affects your evasion (+5).
   Str+5:     It affects your strength (+5).
   Dex-5:     It affects your dexterity (-5).
 h - a ring of positive energy
 i - a ring of poison resistance (left hand)
 k - a +6 ring of strength (right hand)
 m - a +6 ring of intelligence
 t - the amulet "Daottod" {Faith Rampage Dex+6}
   (You found it on level 4 of the Snake Pit)

   [amulet of faith]

   Faith:     It allows you to gain divine favour quickly.
   Dex+6:     It affects your dexterity (+6).
   Rampage:   It bestows one free step when moving towards enemies.
 E - a +6 ring of dexterity
 H - an amulet of the acrobat (around neck)
 Q - an amulet of reflection
 U - a +5 ring of evasion
Wands
 y - a wand of polymorph (29)
 B - a wand of iceblast (20)
 I - a wand of digging (13)
 J - a wand of acid (21)
 M - a wand of paralysis (28)
 R - a wand of flame (39)
 V - a wand of mindburst (17)
Scrolls
 g - 6 scrolls of enchant weapon
 j - a scroll of torment
 l - 2 scrolls of fog
 p - 4 scrolls of revelation
 q - 10 scrolls of blinking
 r - 4 scrolls of amnesia
 u - 2 scrolls of teleportation
 v - 5 scrolls of enchant armour
 x - 3 scrolls of fear
 F - 10 scrolls of immolation
 K - 6 scrolls of poison
Potions
 n - 2 potions of berserk rage
 o - 20 potions of curing
 s - 6 potions of lignification
 w - 5 potions of enlightenment
 A - 7 potions of magic
 C - 4 potions of brilliance
 N - 6 potions of resistance
 P - 7 potions of haste
 S - 5 potions of might
 X - 8 potions of mutation


   Skills:
 O Level 27 Fighting
 - Level 14.0 Polearms
 - Level 2.0 Throwing
 - Level 10.0 Armour
 O Level 27 Dodging
 + Level 8.5 Stealth
 - Level 10.0 Shields
 - Level 8.0 Invocations
 - Level 5.0 Evocations


You had 20 spell levels left.
You knew the following spells:

 Your Spells              Type           Power      Damage    Failure   Level
a - Apportation           Tloc           0%         N/A       67%         1

Your spell library contained the following spells:

 Spells                   Type           Power      Damage    Failure   Level
 Foxfire                  Conj/Fire      0%         2x1d4     67%         1
 Freeze                   Ice            0%         1d3       67%         1
 Necrotise                Necr           0%         1d4       67%         1
 Slow                     Hex            0%         N/A       67%         1
 Sting                    Conj/Alch      0%         1d3       67%         1
 Summon Small Mammal      Summ           0%         N/A       67%         1
 Blink                    Tloc           0%         N/A       82%         2
 Call Imp                 Summ           0%         N/A       82%         2
 Cigotuvi's Dreadful Rot  Necr/Alch/Air  0%         N/A       82%         2
 Ensorcelled Hibernation  Hex/Ice        0%         N/A       82%         2
 Jinxbite                 Hex            0%         N/A       82%         2
 Lesser Beckoning         Tloc           0%         N/A       82%         2
 Mercury Vapours          Alch/Air       0%         N/A       82%         2
 Momentum Strike          Conj/Tloc      0%         3d8       82%         2
 Sublimation of Blood     Necr           0%         N/A       82%         2
 Confusing Touch          Hex            0%         N/A       95%         3
 Dazzling Flash           Conj/Hex       0%         N/A       95%         3
 Fugue of the Fallen      Necr           0%         N/A       95%         3
 Mephitic Cloud           Conj/Alch/Air  0%         N/A       95%         3
 Ozocubu's Armour         Ice            0%         N/A       95%         3
 Passwall                 Erth           0%         N/A       95%         3
 Sigil of Binding         Hex            0%         N/A       95%         3
 Swiftness                Air            0%         N/A       95%         3
 Tukima's Dance           Hex            0%         N/A       95%         3
 Vampiric Draining        Necr           0%         2d6       95%         3
 Anguish                  Hex/Necr       0%         N/A       100%        4
 Animate Armour           Summ/Erth      0%         N/A       100%        4
 Brom's Barrelling Bould  Conj/Erth      0%         2d3       100%        4
 Cause Fear               Hex            0%         N/A       100%        4
 Dimensional Bullseye     Hex/Tloc       0%         N/A       100%        4
 Dispel Undead            Necr           0%         3d6       100%        4
 Ignite Poison            Fire/Alch      0%         N/A       100%        4
 Iskenderun's Mystic Bla  Conj/Tloc      0%         2d3       100%        4
 Leda's Liquefaction      Alch/Erth      0%         N/A       100%        4
 Manifold Assault         Tloc           0%         N/A       100%        4
 Martyr's Knell           Necr/Summ      0%         N/A       100%        4
 Olgreb's Toxic Radiance  Alch           0%         N/A       100%        4
 Summon Lightning Spire   Summ/Air       0%         N/A       100%        4
 Alistair's Intoxication  Alch           0%         N/A       100%        5
 Borgnjor's Vile Clutch   Necr/Erth      0%         N/A       100%        5
 Curse of Agony           Necr           0%         N/A       100%        5
 Freezing Cloud           Conj/Ice/Air   0%         6-21      100%        5
 Lee's Rapid Deconstruct  Erth           0%         3d4*      100%        5
 Silence                  Hex/Air        0%         N/A       100%        5
 Summon Forest            Summ/Tloc      0%         N/A       100%        5
 Summon Mana Viper        Hex/Summ       0%         N/A       100%        5
 Yara's Violent Unravell  Hex/Alch       0%         3d3       100%        5
 Bombard                  Conj/Erth      0%         9d1       100%        6
 Dispersal                Tloc           0%         N/A       100%        6
 Eringya's Noxious Bog    Alch           0%         4d6       100%        6
 Sculpt Simulacrum        Ice/Alch       0%         N/A       100%        6
 Summon Cactus Giant      Summ           0%         N/A       100%        6
 Enfeeble                 Hex            0%         N/A       100%        7
 Monstrous Menagerie      Summ           0%         N/A       100%        7
 Ozocubu's Refrigeration  Ice            0%         4d7       100%        7
 Summon Hydra             Summ           0%         N/A       100%        7
 Disjunction              Tloc           0%         N/A       100%        8
 Lehudib's Crystal Spear  Conj/Erth      0%         10d2      100%        8
 Maxwell's Capacitive Co  Air            0%         ∞         100%        8
 Summon Horrible Things   Summ           0%         N/A       100%        8
 Polar Vortex             Ice            0%         N/A       100%        9


Dungeon Overview and Level Annotations

Branches:
Dungeon (15/15)            Temple (1/1) D:7            Lair (5/5) D:11
  Swamp (4/4) Lair:3        Snake (4/4) Lair:3        Slime (0/5) Lair:4
    Orc (2/2) D:11            Elf (3/3) Orc:2        Vaults (2/5) D:14
  Crypt (1/3) Vaults:2     Depths (2/4) D:15        Ossuary (visited)
 Bailey (visited)         Volcano (visited)         Gauntlet (visited)

Altars:
Ashenzari
Cheibriados
Dithmenos
Elyvilon
Fedhas
Gozag
Hepliaklqana
Kikubaaqudgha
Makhleb
Nemelex Xobeh
Okawaru
Qazlal
Ru
Sif Muna
Trog
Uskayaw
Vehumet
Wu Jian
Xom
Yredelemnul
Zin
The Shining One
Jiyva

Shops:
D:3 *   Orc:2 !(!([   Elf:2 *:   Snake:4 :   Vaults:1 *:**

Portals:
Trove: D:13 (give 6 scrolls of fog)

Annotations:
D:12 3 runed translucent doors, Mocet's ghost, journeyman GnAl
Lair:4 3 runed translucent doors, Tunlugh's ghost, adept GrEE
Snake:3 1 runed translucent door, croobank's ghost, adept DsSu
Vaults:1 3 runed translucent doors, exclusion: obsidian statue, Droegar's ghost, adept MiBe


Innate Abilities, Weirdness & Mutations

((You are very nimble when in or above water. (Stealth+, EV+, Speed+++)))
Your lower body shifts to a powerful aquatic tail in water.
You are dopey. (Int -2)
You passively map a small area around you.
Your spells are a little harder to cast, but a little more powerful.


Message History

The flayed ghost cries, "Feel what I felt!"
Terrible wounds spread across more of your body!
The vampire knight barely misses you. You block the vampire knight's attack.
You block the skeletal warrior's attack.
The vampire knight completely misses you. x2
You block the flayed ghost's attack.
An eidolon comes into view.
You block the skeletal warrior's attack.
You see here a +0 battleaxe.
You impale the flayed ghost!! You burn the flayed ghost!
The flayed ghost is heavily damaged.
You block the flayed ghost's attack. The skeletal warrior barely misses you.
The vampire knight hits you with a +0 great mace!
You block the vampire knight's attack.
You barely miss the flayed ghost.
The flayed ghost is heavily damaged.
A jiangshi comes into view.
The mummy priest invokes the aid of its god against you.
Something smites you!
The jiangshi moves out of view.
You impale the flayed ghost!! You burn the flayed ghost.
The flayed ghost is almost destroyed.
The vampire knight gestures at you while chanting.
You suddenly lose the ability to move!
The skeletal warrior hits you with a +0 battleaxe!
* * * LOW HITPOINT WARNING * * *
The flayed ghost cries, "Suffer as I suffered!"
Terrible wounds spread across more of your body!
* * * LOW HITPOINT WARNING * * *
You hear a chilling moan.
The flayed ghost hits you but does no damage.
The skeletal warrior hits you with a +0 battleaxe!!
* * * LOW HITPOINT WARNING * * *
The vampire knight hits you with a +0 great mace!
* * * LOW HITPOINT WARNING * * *
The vampire knight bites you but does no damage.
The mummy priest mumbles some strange prayers to its god.
An anaconda zombie comes into view.
The flayed ghost hits you!
You die...
Your body rises from the dead as a mindless zombie.

, ....... ,
.?..... , ,
....... *
......##### ..
........# *
#..##...MW.# #.
..#..4zVWV#
...#...#..@#Z **
~ .#.#.#...#.# ,
, *+
...........# *
#..........#, ,*
, , #.........#,
, , #.........#
, , ,
#.........#####
, ,
#.............#
#
*#......)......#


You could see a vampire knight, an eidolon, a mummy priest, a skeletal warrior,
a jiangshi, a flayed ghost and an ice devil (summoned).

Vanquished Creatures
  Mara (Swamp:3)
  Boris (Depths:1)
  Vashnia (Snake:3)
  Nikola (Snake:1)
  2 liches
  2 deep elf blademasters (Elf:3)
  2 deep elf master archers (Elf:3)
  A shadow dragon (D:15)
  Aizul (Snake:3)
  Donald (Swamp:3)
  A frost giant (Vaults:1)
  8 nagarajas
  A deep elf sorcerer (Elf:2)
  4 vault wardens
  A deep elf elementalist (Elf:3)
  2 orc warlords
  5 ironbound preservers
  3 very ugly things (Depths:2)
  3 stone giants (Vaults:1)
  2 ironbound thunderhulks
  2 eleionomae
  5 deep elf demonologists
  5 deep elf death magi (Elf:3)
  6 dire elephants (Vaults:1)
  6 deep elf annihilators
  Azrael (D:13)
  A starcursed mass (Abyss:2)
  2 bunyips
  An ettin (Depths:1)
  8 yaktaur captains
  3 deep elf high priests (Elf:3)
  An entropy weaver (Vaults:2)
  2 shambling mangroves (Swamp:4)
  A great orb of eyes (Vaults:2)
  An ice dragon (Depths:1)
  6 alligators
  2 salamander tyrants
  An ironbound frostheart (Vaults:1)
  A peacekeeper (Vaults:1)
  A ghost crab (Swamp:1)
  4 vault guards
  An alligator snapping turtle (Snake:3)
  7 hydras
  7 anacondas
  7 centaur warriors
  8 death yaks (Lair:4)
  Urug (Orc:2)
  4 boulder beetles
  23 dancing weapons
  A vampire mage (Crypt:1)
  A deep troll earth mage (Depths:1)
  6 two-headed ogres
  9 naga warriors
  A tengu warrior (Depths:1)
  2 shock serpents
  5 orc high priests
  10 naga sharpshooters
  20 deep elf knights
  A fire crab (Volcano)
  A wretched star (Abyss:2)
  A storm dragon zombie (Crypt:1)
  2 iron trolls (Depths:1)
  A death drake (Swamp:3)
  A shadow wraith (Vaults:1)
  9 skeletal warriors (Crypt:1)
  6 goliath frogs
  13 deep trolls
  2 spriggan druids (Swamp:4)
  4 sea snakes (Snake:3)
  4 spriggan riders
  A salamander mystic (Snake:1)
  6 bog bodies
  10 mana vipers
  3 arcanists
  3 naga ritualists
  A spectral hydra (Swamp:3)
  3 phantasmal warriors
  5 ironbound convokers (Vaults:1)
  A steelbarb worm (Swamp:1)
  2 swamp dragons (Swamp:4)
  A flayed ghost (Crypt:1)
  5 necromancers
  3 goliath frog zombies (Swamp:3)
  4 lindwurms
  12 orc knights
  29 deep elf pyromancers
  22 ugly things
  12 deep elf archers
  29 deep elf zephyrmancers
  12 salamanders
  An oklob plant (Lair:5)
  2 alligator zombies (Swamp:3)
  3 orc sorcerers
  3 cyclopes
  3 manticores
  3 will-o-the-wisps
  3 meliai (Gauntlet)
  8 elephants
  4 large abominations
  3 guardian serpents
  27 black mambas
  2 centaur zombies (D:15)
  2 kobold blastminers (Orc:2)
  11 vault sentinels
  4 naga magi
  A cane toad (shapeshifter) (D:13)
  A gargoyle (D:14)
  A centaur skeleton (D:15)
  11 cane toads
  A freezing wraith (D:15)
  A kobold demonologist (D:13)
  16 yaktaurs
  2 tengu conjurers (D:15)
  7 komodo dragons
  3 swamp worm zombies (Swamp:3)
  3 trolls
  11 hornets
  3 polar bears
  11 tyrant leeches
  Prince Ribbit (D:6)
  A dream sheep (Lair:5)
  Grinder (D:3)
  4 raiju (Abyss:2)
  A harpy skeleton (D:15)
  15 blink frogs
  2 snapping turtles (Snake:3)
  A spectral swamp dragon (Swamp:3)
  An air elemental (Elf:1)
  16 slime creatures
  A black mamba zombie (Snake:3)
  A shadow (D:10)
  16 spriggans
  6 water elementals
  4 wyverns
  A ynoxinul (Abyss:2)
  A basilisk (D:13)
  28 yaks
  8 wraiths
  4 vampires
  3 steam dragons
  3 fire elementals
  A neqoxec (Abyss:2)
  A human simulacrum (Vaults:2)
  5 vampire mosquitoes
  8 wargs
  A two-headed ogre zombie (Crypt:1)
  14 nagas
  A human zombie (Swamp:3)
  2 acid dragons
  16 swamp worms
  12 water moccasins
  3 hell hounds
  An ice beast (D:6)
  A sky beast (D:6)
  55 orc warriors
  5 swamp drakes
  7 black bears
  3 boggarts (Lair:5)
  7 ogres
  19 wolves
  6 centaurs
  2 phantoms
  2 kobold brigands
  A weeping skull (D:5)
  6 bullfrogs
  A gnoll sergeant (D:8)
  2 scorpions
  5 water moccasin zombies (Ossuary)
  3 wights
  A burial acolyte (Ossuary)
  A water moccasin skeleton (Crypt:1)
  A spriggan zombie (Swamp:3)
  16 killer bees
  4 electric eels
  A vampire bat (D:5)
  A howler monkey (D:10)
  3 bombardier beetles
  2 hounds
  25 orc priests
  Terence (D:2)
  An iguana (D:4)
  20 orc wizards
  9 hell rats
  A bullfrog simulacrum (Ossuary)
  2 crocodile zombies (Ossuary)
  2 mummies (Ossuary)
  Robin (D:1)
  12 gnolls
  7 adders
  A shadow imp (D:6)
  An adder zombie (Ossuary)
  A jelly zombie (Crypt:1)
  3 dart slugs (D:1)
  A ribbon worm (D:2)
  78 orcs
  11 ball pythons
  5 bats
  4 bat skeletons (D:5)
  2 bat zombies (D:5)
  5 endoplasms
  5 giant cockroaches
  21 goblins
  8 hobgoblins
  10 jackals
  4 quokkas
  5 frilled lizards
  4 gnoll zombies (Ossuary)
  3 jackal zombies (Ossuary)
  15 kobolds
  5 orc zombies
  3 rats
  A spectral orc (D:5)
1192 creatures vanquished.

Vanquished Creatures (collateral kills)
  Mlioglotl (Snake:4)
  Gastronok (D:10)
  4 nagarajas (Snake:4)
  A fenstrider witch (Swamp:2)
  2 frost giants (Vaults:1)
  A vault warden (Vaults:1)
  An orc warlord (D:11)
  2 ironbound preservers (Vaults:1)
  2 deep elf demonologists (Elf:3)
  An ironbound thunderhulk (Vaults:1)
  A deep elf annihilator (Elf:3)
  A minotaur (Gauntlet)
  A dire elephant (Vaults:1)
  A bunyip (Swamp:4)
  An entropy weaver (Vaults:1)
  Josephine (Orc:2)
  3 shambling mangroves
  A yaktaur captain (Vaults:1)
  A rakshasa (D:15)
  8 hydras
  A salamander tyrant (Snake:4)
  Fannar (Lair:3)
  An alligator snapping turtle (Snake:3)
  2 anacondas
  2 ironbound frosthearts (Vaults:1)
  A boulder beetle (Lair:4)
  4 dancing weapons
  6 alligators
  2 death yaks (Lair:4)
  2 centaur warriors (Vaults:1)
  4 naga warriors
  A vampire mage (Vaults:2)
  2 orc high priests (Orc:2)
  2 naga sharpshooters
  A deep elf knight (Elf:3)
  2 skysharks
  2 shock serpents
  An iron troll (Depths:1)
  2 goliath frogs
  A spriggan druid (Swamp:4)
  2 deep trolls (Vaults:1)
  6 swamp dragons
  4 mana vipers (Snake:4)
  2 spectral hydras (Swamp:3)
  2 naga ritualists
  3 bog bodies (Swamp:3)
  A deep elf archer (Elf:3)
  7 lindwurms
  3 ironbound convokers
  3 deep elf pyromancers
  An orc knight (Orc:1)
  6 ugly things
  2 goliath frog zombies (Swamp:3)
  3 will-o-the-wisps
  4 manticores
  A wolf spider (D:13)
  9 black mambas
  2 cyclopes (D:11)
  4 salamanders
  A guardian serpent (Snake:4)
  A naga zombie (Abyss:2)
  2 naga magi
  8 elephants
  3 vault sentinels (Vaults:1)
  6 cane toads
  2 komodo dragons
  A large abomination (Swamp:3)
  A rime drake (Lair:5)
  A centaur skeleton (D:15)
  A hellion (Abyss:2)
  2 swamp worm zombies (Swamp:3)
  A freezing wraith (D:14)
  3 yaktaurs
  2 trolls (D:11)
  A polar bear (Lair:5)
  9 hornets
  7 tyrant leeches
  A snapping turtle (Snake:3)
  2 spectral swamp dragons (Swamp:3)
  A dream sheep (Lair:5)
  16 blink frogs
  8 slime creatures
  A centaur simulacrum (D:13)
  An ettin skeleton (Vaults:2)
  A vampire (D:12)
  An air elemental (Elf:3)
  A wraith (D:12)
  8 spriggans
  28 yaks
  3 wyverns
  A fire elemental (D:13)
  A tyrant leech zombie (Swamp:3)
  2 basilisks
  4 vampire mosquitoes
  8 swamp worms
  9 nagas
  A hell hound (D:13)
  An acid dragon (D:12)
  3 water moccasins
  5 swamp drakes (Swamp:4)
  12 orc warriors
  3 black bears
  A sky beast (shapeshifter) (D:12)
  A human zombie (Vaults:2)
  2 boggarts (Lair:5)
  An ogre (Orc:1)
  13 wolves
  A centaur (D:12)
  A phantom (D:7)
  A kobold brigand (D:8)
  5 bullfrogs
  A scorpion (D:7)
  A wight (D:10)
  A troll zombie (Swamp:3)
  3 killer bees
  A spriggan zombie (Swamp:3)
  2 howler monkeys
  2 electric eels (Lair:2)
  5 orc priests (Orc:2)
  5 orc wizards
  6 hell rats
  2 gnolls
  A shadow imp (Gauntlet)
  24 orcs
  3 kobolds (D:8)
397 creatures vanquished.

Vanquished Creatures (others)
  A deep elf elementalist (Elf:3)
  A salamander tyrant (Snake:2)
  A spectral catoblepas (Vaults:1)
  A guardian serpent zombie (Snake:3)
  2 spectral hydras
  A salamander mystic (Snake:3)
  A spectral spriggan (Swamp:3)
  An anaconda zombie (Snake:1)
  2 ogre zombies
  4 ugly thing zombies
  3 goliath frog zombies
  2 deep elf pyromancers
  2 stone giant zombies (Vaults:1)
  An eleionoma zombie (Swamp:4)
  An alligator zombie (Swamp:4)
  A frost giant zombie (Vaults:1)
  2 shock serpent zombies
  A spectral elf (Vaults:2)
  4 mana viper zombies
  4 dire elephant zombies (Vaults:1)
  4 swamp worm zombies
  3 death yak zombies (Lair:4)
  A spectral swamp dragon (Snake:2)
  12 yaktaur zombies
  2 sea snake zombies (Snake:3)
  A bloated husk (Swamp:2)
  A death drake zombie (Swamp:3)
  A great orb of eyes zombie (Vaults:2)
  4 hydra zombies
  A meliai zombie (Gauntlet)
  4 deep troll zombies
  3 black mamba zombies
  A slime creature (D:12)
  7 slime creature zombies
  A yak (D:10)
  2 tyrant leech zombies
  19 human zombies
  A spectral basilisk (Lair:2)
  A tengu zombie (Depths:1)
  A spectral hellion (Abyss:2)
  49 elf zombies
  An entropy weaver zombie (Vaults:1)
  3 two-headed ogre zombies
  2 cane toad zombies
  3 hornet zombies
  A swamp dragon zombie (Swamp:3)
  6 blink frog zombies
  A lindwurm zombie (Vaults:1)
  A manticore zombie (D:11)
  3 elephant zombies
  A spectral neqoxec (Abyss:2)
  A spectral ynoxinul (Abyss:2)
  4 salamander zombies
  A komodo dragon zombie (Lair:4)
  A hell hound zombie (Volcano)
  A warg zombie (Orc:1)
  3 wyvern zombies
  5 water moccasin zombies
  11 yak zombies
  A polar bear zombie (Lair:5)
  2 troll zombies
  5 spriggan zombies
  A spectral acid dragon (D:11)
  8 wolf zombies
  3 bullfrog zombies
  5 centaur zombies
  3 black bear zombies
  4 killer bee zombies
  An ice beast zombie (D:6)
  An acid dragon zombie (D:10)
  25 naga zombies
  A sky beast zombie (D:12)
  A howler monkey zombie (D:10)
  3 hell rat zombies
  3 steam dragon zombies
  2 swamp drake zombies (Swamp:4)
  A quokka (D:12)
  2 gnoll zombies
  4 kobold zombies
  91 orc zombies
  12 foxfires
383 creatures vanquished.

Grand Total: 1972 creatures vanquished

Notes
Turn   | Place    | Note
-------+----------+-------------------------------------------
     0 | D:1      | bnnuy the Merfolk Gladiator began the quest for the Orb.
     0 | D:1      | Reached XP level 1. HP: 16/16 MP: 1/1
    43 | D:1      | Reached XP level 2. HP: 17/22 MP: 2/2
   112 | D:1      | Reached skill level 5 in Polearms
   264 | D:1      | Reached XP level 3. HP: 26/27 MP: 3/3
   339 | D:2      | Noticed Robin
   465 | D:1      | Found a faded altar of an unknown god.
   766 | D:1      | Reached XP level 4. HP: 33/33 MP: 4/4
   948 | D:1      | Killed Robin
  1014 | D:2      | Noticed Terence
  1016 | D:2      | Gained mutation: You are dopey. (Int -2) [potion of
                  | mutation]
  1016 | D:2      | Gained mutation: You passively map a small area around you.
                  | [potion of mutation]
  1016 | D:2      | Gained mutation: Your spells are a little harder to cast,
                  | but a little more powerful. [potion of mutation]
  1024 | D:2      | Killed Terence
  1905 | D:3      | Found Xyzogopt's Assorted Antiques.
  1913 | D:3      | Bought a fizzy dark potion for 26 gold pieces
  1913 | D:3      | Bought a grey potion for 26 gold pieces
  1969 | D:3      | Reached XP level 5. HP: 38/38 MP: 5/5
  2217 | D:3      | HP: 1/38 [gnoll/+0 whip (2)]
  2563 | D:3      | Reached XP level 6. HP: 44/44 MP: 6/6
  2574 | D:3      | Noticed Grinder
  2574 | D:3      | Paralysed by Grinder for 2 turns
  2577 | D:3      | Paralysed by Grinder for 3 turns
  2586 | D:3      | Paralysed by Grinder for 5 turns
  2592 | D:3      | Killed Grinder
  2687 | D:3      | Reached skill level 10 in Polearms
  2687 | D:3      | Reached XP level 7. HP: 50/50 MP: 7/7
  3533 | D:4      | Reached XP level 8. HP: 56/56 MP: 8/8
  3662 | D:5      | Entered Level 5 of the Dungeon
  4374 | D:5      | Found a sand-covered staircase.
  4378 | Ossuary  | Entered an ossuary
  4611 | Ossuary  | Reached skill level 5 in Fighting
  4718 | Ossuary  | Identified the +6 morningstar of Toshrupt {flame, Will+}
  4831 | D:6      | Reached XP level 9. HP: 68/68 MP: 9/9
  5011 | D:5      | Found an ancient bone altar of Kikubaaqudgha.
  5163 | D:5      | Found a basalt altar of Yredelemnul.
  5286 | D:5      | Became a worshipper of Yredelemnul the Dark
  5420 | D:6      | Reached * piety under Yredelemnul
  5421 | D:6      | Reached skill level 1 in Invocations
  5518 | D:6      | Found a radiant altar of Vehumet.
  5518 | D:6      | Found a burning altar of Makhleb.
  5519 | D:6      | Found a sparkling altar of Nemelex Xobeh.
  5550 | D:6      | Reached ** piety under Yredelemnul
  5858 | D:6      | Noticed Prince Ribbit
  5891 | D:6      | Killed Prince Ribbit
  6366 | D:7      | Found a flagged portal.
  6386 | Bailey   | Entered a bailey
  6437 | Bailey   | Reached skill level 5 in Dodging
  6716 | Bailey   | Reached XP level 10. HP: 29/80 MP: 13/13
  7019 | Bailey   | Reached *** piety under Yredelemnul
  7116 | Bailey   | Noticed an orc knight
  7116 | Bailey   | Noticed an orc knight
  7133 | Bailey   | Killed an orc knight
  7136 | Bailey   | Killed an orc knight
  7555 | D:7      | Reached skill level 5 in Evocations
  7765 | D:7      | Found an opulent altar of Gozag.
  7875 | D:7      | Reached skill level 10 in Fighting
  8015 | D:7      | Found a staircase to the Ecumenical Temple.
  8101 | D:7      | Found a stormy altar of Qazlal.
  8138 | Temple   | Entered the Ecumenical Temple
  8169 | D:8      | Noticed a two-headed ogre
  8177 | D:8      | Killed a two-headed ogre
  8178 | D:8      | Reached skill level 1 in Armour
  8302 | D:8      | Reached XP level 11. HP: 78/92 MP: 14/14
  8852 | D:3      | Bought a pair of runed gloves for 217 gold pieces
  9352 | D:9      | Found a white marble altar of Elyvilon.
 10000 | D:10     | Entered Level 10 of the Dungeon
 10019 | D:10     | Noticed a cyclops
 10321 | D:10     | Noticed a two-headed ogre
 10380 | D:10     | Killed a two-headed ogre
 10536 | D:10     | Noticed Gastronok
 10550 | D:10     | Killed Gastronok
 10561 | D:10     | Noticed a two-headed ogre
 10568 | D:10     | Killed a two-headed ogre
 10705 | D:10     | Found a shimmering altar of Xom.
 10949 | D:10     | Identified the +9 rapier "Ogrebane" {speed, rPois rC+ Will+
                  | Int+5}
 11025 | D:10     | Killed a cyclops
 11437 | D:11     | Noticed a manticore
 11443 | D:11     | Killed a manticore
 11517 | D:11     | Noticed a manticore
 11524 | D:11     | Killed a manticore
 11525 | D:11     | Reached XP level 12. HP: 96/107 MP: 15/15
 11567 | D:11     | Reached skill level 5 in Invocations
 11686 | D:11     | Reached **** piety under Yredelemnul
 11748 | D:11     | Reached ***** piety under Yredelemnul
 11839 | D:11     | Found a staircase to the Lair.
 11972 | D:11     | Found a staircase to the Orcish Mines.
 12211 | Lair:1   | Entered Level 1 of the Lair of Beasts
 12264 | Lair:1   | Reached skill level 10 in Dodging
 12908 | Lair:1   | Reached ****** piety under Yredelemnul
 13244 | Lair:2   | Reached XP level 13. HP: 113/113 MP: 17/17
 13437 | Lair:2   | Reached skill level 15 in Dodging
 13670 | Lair:2   | Reached skill level 15 in Fighting
 14671 | Lair:3   | Found a staircase to the Swamp.
 14717 | Lair:3   | Noticed Fannar
 14723 | Lair:3   | Killed Fannar
 15049 | Lair:3   | Found a staircase to the Snake Pit.
 15562 | Lair:4   | Found an ornate altar of the Wu Jian Council.
 15579 | Lair:5   | Entered Level 5 of the Lair of Beasts
 15644 | Lair:4   | Reached XP level 14. HP: 104/128 MP: 18/18
 15835 | Lair:4   | Found a staircase to the Slime Pits.
 15972 | Lair:4   | Found a runed translucent gate.
 15973 | Lair:4   | Found a runed translucent gate.
 15974 | Lair:4   | Found a runed translucent gate.
 15975 | Lair:4   | Noticed Tunlugh's ghost (adept GrEE)
 18073 | Lair:5   | Reached XP level 15. HP: 104/136 MP: 21/21
 18389 | Lair:5   | Got Oxuil's Secrets of Shadows and Freezing
 19490 | D:12     | Found a white marble altar of Elyvilon.
 19841 | D:12     | Identified a scroll of acquirement
 19841 | D:12     | Acquired a manual of Ice Magic
 19853 | D:12     | Found a runed translucent gate.
 19853 | D:12     | Found a runed translucent gate.
 19853 | D:12     | Found a runed translucent gate.
 19855 | D:12     | Noticed an azure jelly
 19864 | D:12     | Noticed an acid blob
 19865 | D:12     | Noticed Mocet's ghost (journeyman GnAl)
 19865 | D:12     | Noticed an azure jelly
 19865 | D:12     | Noticed an azure jelly
 19866 | D:12     | Noticed a rockslime
 19894 | D:12     | Noticed an acid blob
 19895 | D:12     | Noticed an acid blob
 19898 | D:12     | Noticed an acid blob
 19909 | D:12     | Found a viscous altar of Jiyva.
 19967 | D:13     | Found a gate leading to a gauntlet.
 19979 | Gauntlet | Entered a Gauntlet
 19979 | Gauntlet | Found a transporter.
 19990 | Gauntlet | Found a transporter.
 19991 | Gauntlet | Found a transporter.
 19992 | Gauntlet | Found a transporter.
 19999 | Gauntlet | Found a transporter.
 20002 | Gauntlet | Found a transporter.
 20003 | Gauntlet | Found a transporter.
 20013 | Gauntlet | Found a transporter.
 20015 | Gauntlet | Found a transporter.
 20016 | Gauntlet | Found a transporter.
 20020 | Gauntlet | Found a runed translucent door.
 20024 | Gauntlet | Found a transporter.
 20026 | Gauntlet | Found a runed translucent door.
 20027 | Gauntlet | Found a transporter.
 20028 | Gauntlet | Found a transporter.
 20036 | Gauntlet | Found a transporter.
 20589 | Gauntlet | Identified the +0 hat "Nodirhia" {rC+ Int+6}
 20641 | Gauntlet | Identified the +0 scale mail "Abefyukh" {Dex+3}
 20642 | Gauntlet | Got the Book of the Twinkling Snake
 20841 | D:13     | Found a portal to a secret trove of treasure.
 20848 | D:13     | Got the Papyrus of Felsic Alteration
 21077 | D:13     | Noticed Azrael
 21093 | D:13     | Killed Azrael
 21746 | D:14     | You fall into a shaft and drop 1 floor!
 21746 | D:15     | Entered Level 15 of the Dungeon
 21822 | D:14     | Found a shadowy altar of Dithmenos.
 21887 | D:14     | Found a gate to the Vaults.
 22291 | Orc:1    | Entered Level 1 of the Orcish Mines
 22370 | Orc:1    | Found a dark tunnel.
 22375 | Volcano  | Entered a volcano
 24473 | Orc:1    | Noticed an orc warlord
 24602 | D:11     | Killed an orc warlord
 24920 | Orc:1    | You fall into a shaft and drop 1 floor!
 24920 | Orc:2    | Entered Level 2 of the Orcish Mines
 24945 | Orc:2    | Found a staircase to the Elven Halls.
 25293 | Orc:1    | Noticed an orc warlord
 25982 | Orc:1    | Got the Compilation of Refrigeration and the Fjord
 25983 | Orc:1    | Identified the +4 short sword "Qiot Xia" {flame, Int+4}
 25984 | Orc:1    | Identified the +1 ring mail "Reuph" {-Cast rPois Regen+
                  | Str-5}
 26134 | Orc:2    | Noticed Urug
 26154 | Orc:2    | Killed Urug
 26155 | Orc:2    | Reached XP level 16. HP: 146/146 MP: 22/22
 26260 | Orc:2    | Your ally Urug died
 26584 | Orc:2    | Reached skill level 5 in Armour
 27216 | Orc:2    | Found Seiruur's Armour Emporium.
 28516 | Orc:2    | Found Gemil's Antique Weapon Boutique.
 28516 | Orc:2    | Found Eblior's Distillery.
 28517 | Orc:2    | Found Koggoohy's Antique Weapon Shop.
 28517 | Orc:2    | Found Ybuwutuf's Distillery.
 28527 | Orc:2    | Bought a potion of heal wounds for 55 gold pieces
 28527 | Orc:2    | Bought a potion of might for 44 gold pieces
 28527 | Orc:2    | Bought a potion of curing for 33 gold pieces
 28527 | Orc:2    | Bought a potion of cancellation for 88 gold pieces
 28527 | Orc:2    | Bought a potion of resistance for 110 gold pieces
 28636 | Orc:2    | Bought a potion of haste for 110 gold pieces
 28636 | Orc:2    | Bought a potion of heal wounds for 55 gold pieces
 28636 | Orc:2    | Bought a potion of might for 44 gold pieces
 28636 | Orc:2    | Bought a potion of curing for 33 gold pieces
 28636 | Orc:2    | Bought a potion of invisibility for 88 gold pieces
 28636 | Orc:2    | Bought a potion of enlightenment for 55 gold pieces
 28636 | Orc:2    | Bought a potion of curing for 33 gold pieces
 28636 | Orc:2    | Bought a potion of might for 44 gold pieces
 28636 | Orc:2    | Bought a potion of mutation for 88 gold pieces
 28796 | Orc:2    | Noticed Josephine
 28817 | Orc:2    | Killed Josephine
 28950 | Orc:2    | Found a shimmering blue altar of Sif Muna.
 28966 | Orc:2    | Got Sif Muna's Dissertation on the Pyromaniac
 29204 | Swamp:1  | Entered Level 1 of the Swamp
 32309 | Swamp:2  | Noticed a fenstrider witch
 32309 | Swamp:2  | Paralysed by a fenstrider witch for 4 turns
 32315 | Swamp:2  | Killed a fenstrider witch
 32506 | Swamp:3  | Noticed Donald
 32512 | Swamp:3  | Killed Donald
 32960 | Swamp:3  | Reached XP level 17. HP: 153/153 MP: 23/23
 33248 | Swamp:3  | Reached skill level 10 in Armour
 33433 | Swamp:3  | Noticed Mara
 34287 | Swamp:3  | Killed Mara
 34549 | Swamp:4  | Entered Level 4 of the Swamp
 35257 | Swamp:4  | Got a decaying rune of Zot
 35418 | Swamp:4  | Reached skill level 1 in Shields
 35989 | Snake:1  | Entered Level 1 of the Snake Pit
 36622 | Snake:1  | Identified the +2 chain mail of Ubiquitous Miracles {Int+3}
 36740 | Snake:1  | Reached skill level 5 in Shields
 36749 | Snake:1  | Reached XP level 18. HP: 144/166 MP: 24/24
 37053 | Snake:1  | Noticed Nikola
 37074 | Snake:1  | Killed Nikola
 39075 | Snake:3  | Identified the serpent talisman of the Known World {rC+
                  | Dex+3}
 39075 | Snake:3  | Noticed Aizul
 39091 | Snake:3  | Killed Aizul
 39194 | Snake:3  | Your ally Aizul died
 39198 | Snake:3  | Noticed Vashnia
 39729 | Snake:3  | Killed Vashnia
 40003 | Snake:3  | Identified the +1 battleaxe of an ossuary {antimagic, rElec
                  | Int-5 Dex+7}
 40012 | Snake:3  | Found a runed translucent door.
 40015 | Snake:3  | Noticed croobank's ghost (adept DsSu)
 41173 | Snake:4  | Entered Level 4 of the Snake Pit
 41429 | Snake:4  | Identified the amulet "Daottod" {Faith Rampage Dex+6}
 41562 | Snake:4  | Found Rolaut's Vocational Training.
 41762 | Snake:4  | Noticed Mlioglotl
 41775 | Snake:4  | Killed Mlioglotl
 42687 | Snake:4  | Reached XP level 19. HP: 101/176 MP: 25/25
 43949 | Snake:4  | Got the Grimoire of Anathema and Accompaniment
 43953 | Snake:4  | Got a serpentine rune of Zot
 45448 | D:15     | Identified the +5 long sword "Matehur" {freeze, Dex+4}
 45748 | D:15     | Got the Reference Book on Death
 45968 | D:15     | Found a staircase to the Depths.
 46576 | Depths:1 | Entered Level 1 of the Depths
 47240 | Depths:2 | Noticed Boris
 47253 | Depths:1 | Killed Boris
 47511 | Vaults:1 | Entered Level 1 of the Vaults
 48014 | Vaults:1 | Reached skill level 10 in Shields
 48033 | Vaults:1 | Found Jatups's Book Boutique.
 48055 | Vaults:1 | Reached XP level 20. HP: 139/188 MP: 26/26
 48858 | Vaults:1 | Found a runed translucent gate.
 48858 | Vaults:1 | Found a runed translucent gate.
 48858 | Vaults:1 | Found an opulent altar of Gozag.
 48859 | Vaults:1 | Found a runed translucent gate.
 48859 | Vaults:1 | Found Wilof's Assorted Antiques.
 48859 | Vaults:1 | Noticed Droegar's ghost (adept MiBe)
 48936 | Vaults:1 | Found Jupiva's Assorted Antiques.
 48940 | Vaults:1 | Bought a potion of curing for 135 gold pieces
 48940 | Vaults:1 | Bought a potion of enlightenment for 225 gold pieces
 48940 | Vaults:1 | Bought a potion of might for 180 gold pieces
 48940 | Vaults:1 | Bought a scroll of fear for 180 gold pieces
 48940 | Vaults:1 | Bought a scroll of blinking for 337 gold pieces
 48940 | Vaults:1 | Bought a potion of curing for 135 gold pieces
 49828 | Vaults:1 | Acquired a manual of Invocations
 50642 | Vaults:1 | Found Cuiteso's Assorted Antiques.
 51670 | Elf:1    | Entered Level 1 of the Elven Halls
 51983 | Elf:1    | Found the macabre finger necklace {Finger+ rN+}
 52507 | Elf:1    | Got Asmodeus's Enchiridion on Sidekicks
 53017 | Elf:2    | Found Xafocua's Book Boutique.
 53021 | Elf:2    | Reached skill level 1 in Stealth
 53270 | Elf:2    | Reached XP level 21. HP: 187/197 MP: 27/27
 53449 | Elf:2    | Identified the +11 hand axe "Huomyuse" {venom, rC+ rCorr}
 53479 | Elf:2    | Found Comom's Assorted Antiques.
 53569 | Elf:2    | Bought a wand of iceblast (5) for 432 gold pieces
 53569 | Elf:2    | Bought a scroll of revelation for 270 gold pieces
 53569 | Elf:2    | Bought a brass ring for 180 gold pieces
 53569 | Elf:2    | Bought a wand of paralysis (6) for 518 gold pieces
 53755 | Elf:2    | Found a runed translucent gate.
 53756 | Elf:2    | Found a runed translucent gate.
 53756 | Elf:2    | Found a runed translucent gate.
 55355 | Elf:2    | Reached skill level 27 in Dodging
 55793 | Elf:3    | Entered Level 3 of the Elven Halls
 55825 | Elf:3    | Reached skill level 5 in Stealth
 56923 | Elf:3    | Identified the +4 great sword of Popular Demand {spect,
                  | *Noise rC+ rN+}
 57330 | Elf:3    | Identified the +1 leather armour of Submission {Rampage
                  | +Inv Int+4}
 57330 | Elf:3    | Identified the ring "Rieriyta" {EV+5 Str+5 Dex-5}
 57670 | Elf:3    | Identified the +1 ring mail "Qihakhun" {Str+6}
 57945 | Elf:3    | Learned a level 1 spell: Apportation
 58318 | Elf:3    | Identified the +10 dagger of Ixkolojeuh {speed, rF+ Int-3
                  | Dex+2}
 58319 | Abyss:2  | Cast into level 2 of the Abyss (a deep elf demonologist)
 58593 | Abyss:2  | Noticed a bone dragon
 58614 | Abyss:3  | Found a corrupted altar of Lugonu.
 58651 | Abyss:4  | Found a corrupted altar of Lugonu.
 58686 | Abyss:4  | Found a corrupted altar of Lugonu.
 58700 | Elf:3    | Escaped the Abyss
 59002 | Elf:3    | Got the Directory of Clouds
 59047 | Elf:3    | Identified the +6 orcbow "Huc Tizu" {flame, Str+4}
 59060 | Elf:3    | Identified the staff "Merfolk's Regret" {+Blink rPois rC+
                  | Ice Earth}
 59061 | Elf:3    | Identified the staff of Calearyo {^Drain rN+ Will+ Int+4
                  | Dex+8 Necro}
 59718 | Vaults:2 | Reached XP level 22. HP: 196/210 MP: 28/28
 60231 | Vaults:2 | Found a staircase to the Crypt.
 60247 | Crypt:1  | Entered Level 1 of the Crypt
 60568 | Crypt:1  | Reached skill level 27 in Fighting
 60752 | Crypt:1  | Paralysed by a vampire knight for 5 turns
 60754 | Crypt:1  | Slain by a flayed ghost

Illustrated notes

Levels and vault maps discovered:
D:1:      dpeg_arrival_renting, layout_basic,
          hellmonk_ecumenical_altar_dog_temple, bh_walls_and_bars
D:2:      layout_basic, nicolae_eternal_life, uniq_terence, uniq_robin
D:3:      minmay_diamond_boxcup, layout_loops_ring, serial_shops,
          nicolae_shop_temple_entry_statues_fountains,
          nicolae_figureground_pulse, uniq_grinder
D:4:      nicolae_BIG_FREAKIN_CUBE, layout_basic
D:5:      layout_rooms, kennysheep_vampire_church,
          yredelemnul_forgotten_temple_becter, nicolae_ossuary_entry_plus
D:6:      layout_basic, gammafunk_temple_overflow_claw, uniq_prince_ribbit1
D:7:      layout_cave_pools, lemuel_coloured_pillars_altar,
          nicolae_qazlal_eye_of_the_storm, minmay_temple_entry_wispy,
          enter_bailey_5
D:8:      layout_rooms, eino_tiny_chamber
D:9:      layout_grid_maze, mainiacjoe_overflow_concentric_impassable
D:10:     layout_stronghold, xom_confusion_cloud, uniq_gastronok
D:11:     layout_long_grid, minmay_lair_entry_grove, david_orc_4
D:12:     layout_roguey, gammafunk_ghost_ooze, elyvilon_altar_4
D:13:     layout_loops_ring, nicolae_trove_entry_free_sample,
          gauntlet_entry_generic, kb_rosetta, uniq_azrael
D:14:     layout_basic, david_vaults_2, nicolae_dithmenos_shadow_blocks
D:15:     grunt_enter_depths_magical_seal, layout_stronghold, nrook_campfire
Temple:   nicolae_temple_bog_church
Lair:1:   layout_gridlike, hibernation_bobbens
Lair:2:   layout_loops_ring, serial_bayou_lagoon_b
Lair:3:   layout_roguey, minmay_swamp_entry_swarm, guppyfry_snake_entry_island,
          serial_forest, infiniplex_forest_lined_3_way,
          infiniplex_forest_clump_double, infiniplex_forest_corner_1,
          infiniplex_forest_straight_3, infiniplex_forest_end_1,
          infiniplex_forest_clump_small, infiniplex_forest_lined_3,
          infiniplex_forest_diagonal, infiniplex_forest_clump_tiny, uniq_fannar
Lair:4:   layout_gridlike, slime_entry_1, basic_altar,
          gammafunk_ghost_hydra_chop, chequers_serial_rivers_large_b,
          beast_lair_carwin_7
Lair:5:   minmay_lair_end_enchanted_forest, layout_regular_city
Swamp:1:  layout_falls_marsh, nicolae_swamp_very_dense_foliage, swamp_pool_1_2,
          nicolae_swamp_vermiculated
Swamp:2:  layout_basic_swamp, nicolae_swamp_stair_fork
Swamp:3:  cheibrodos_swamp_mausoleum, layout_falls_marsh,
          evilmike_swamp_ruin_house_2, uniq_mara, uniq_donald
Swamp:4:  swamp_alternative, layout_basic_swamp, swamp_pool_1_2
Snake:1:  layout_grid_maze, uniq_nikola
Snake:2:  layout_onion_interference, serial_bayou_shore_a
Snake:3:  layout_layer_cave, ebering_ghost_inner_flame,
          nicolae_snake_herptile_family_reunion, uniq_aizul, uniq_vashnia
Snake:4:  grunt_snake_rune_spirals, layout_onion_interference, drop_trap,
          nicolae_shop_vocational, uniq_mlioglotl
Orc:1:    layout_caves, enter_volcano_4, minmay_orc_treasury
Orc:2:    st_orc_pillars, layout_diamond_mine, serial_shops,
          nicolae_shop_just_a_little_nook, led_sif_book, uniq_josephine,
          uniq_urug
Elf:1:    minmay_elf_arrival_plus, layout_loops_cross, minmay_elf_demonology
Elf:2:    nicolae_elf_blades_crystal_corner, layout_rooms, serial_shops, shop,
          shop
Elf:3:    elf_hall, layout_loops_cross, grunt_megastairs_3
Vaults:1: ebering_ghost_gozag, nicolae_vaults_stairing_the_circle, st_star,
          hangedman_vaults_hat, nicolae_vaults_closet_pinwheel_5,
          nicolae_vaults_turnstiles, vaults_dpeg_diagonal,
          nicolae_vaults_shelves_hall, layout_vaults_chaotic_city, serial_shops,
          nicolae_shop_real_fake_doors, shop
Vaults:2: vaults_room_octagon, nicolae_vaults_what_the_h,
          nicolae_vaults_little_ls, nicolae_vaults_more_shelving_1,
          hangedman_vaults_capsules, ontoclasm_vaults_chip, vaults_room_pools,
          minmay_crypt_entry_vampire_xt, v_alt_pattern_3,
          nicolae_vaults_sesquioval_fish, nicolae_vaults_closet_pinwheel_3,
          nicolae_vaults_tetromino_Z_2, nicolae_vaults_tetromino_T_2,
          layout_vaults_maze_snakey
Crypt:1:  cheibrodos_crypt_down_in_the_bonehoard, layout_rooms, special_room
          [special_room_morgue], moated_statue, grunt_crypt_arrival_split,
          lemuel_upstairs_altar
Depths:1: minmay_inside_and_out, layout_basic, serial_shops,
          nicolae_shop_temple_entry_statues_fountains, lightli_too_deep,
          minmay_misc_feat_encased, pan_entry, roderic_serpentine_path,
          st_stairs_4, nicolae_hepliaklqana_hazy_memory
Depths:2: minmay_connected_boxes_in_corner, layout_cave_shapes,
          pf_hell_entry_tar_spiral, corexii_corridor_pit,
          rand_demon_pan_entry_9, nicolae_tso_swordbearing_angel,
          minmay_shop_grove, uniq_josephina, uniq_boris

Skill      XL: |  1  2  3  4  5  6  7  8  9 10 11 12 13 14 15 16 17 18 19 20 21 22 |
---------------+-------------------------------------------------------------------+-----
Polearms       | 5 6 7 8 10 12 13 14 | 14.0
Fighting       | 5 8 10 14 17 19 21 22 24 26 27 | 27.0
Invocations    | 4 6 8 |  8.0
Dodging        | 6 7 13 15 18 21 22 23 24 26 27 | 27.0
Evocations     | 5 |  5.0
Armour         | 2 4 9 10 | 10.0
Shields        | 5 6 10 | 10.0
Stealth        | 1 8 |  8.5
Throwing       | |  2.0

Action                     |  1- 3 |  4- 6 |  7- 9 | 10-12 | 13-15 | 16-18 | 19-21 | 22-24 || total
---------------------------+-------+-------+-------+-------+-------+-------+-------+-------++-------
  Melee: Trident           |   100 |   142 |   520 |   630 |  1275 |  1659 |  2002 |   225 ||  6553
         Punch             |     1 |     2 |     6 |     5 |    11 |    11 |       |       ||    36
         Tailslap          |       |       |     2 |     2 |    25 |    39 |       |       ||    68
  Throw: Throwing net      |       |       |       |       |       |     1 |       |       ||     1
 Invoke: Recall Undead Har |       |       |     3 |     5 |    18 |    11 |    13 |       ||    50
         Dark Bargain      |       |       |     1 |     3 |       |       |     1 |       ||     5
         Bind Soul         |       |       |       |     1 |     3 |     3 |     3 |       ||    10
  Evoke: Wand              |       |       |     1 |    23 |     7 |    13 |       |       ||    44
    Use: Scroll            |       |     4 |     4 |     5 |    19 |    21 |    12 |     3 ||    68
         Potion            |       |     5 |     1 |     2 |     5 |     6 |    11 |     3 ||    33
   Stab: Distracted        |       |       |     1 |     8 |    23 |    25 |    26 |     2 ||    85
         Paralysed         |       |       |       |     7 |       |       |       |       ||     7
         Petrified         |       |       |       |     2 |    11 |       |    55 |       ||    68
         Petrifying        |       |       |       |     2 |     2 |       |     3 |       ||     7
 Armour: Leather armour    |    13 |       |       |       |       |       |       |       ||    13
         Ring mail         |    42 |    60 |   154 |    91 |       |       |       |       ||   347
         Skin              |       |     4 |       |       |    12 |    10 |       |       ||    26
         Scale mail        |       |       |       |   106 |   413 |       |       |       ||   519
         Plate armour      |       |       |       |       |    89 |   458 |       |       ||   547
         Pearl dragon scal |       |       |       |       |       |   136 |   543 |    58 ||   737
  Dodge: Dodged            |    82 |    63 |   172 |   271 |   790 |   886 |   808 |   109 ||  3181
  Block: Buckler           |       |       |       |       |       |   135 |   370 |    52 ||   557
